 Dungeon Crawl Stone Soup version 0.31-a0-851-g7ff8af7976 (webtiles) character file.

Game seed: 7838521807011710244

284 Kurtz the Chopper (level 6, -1/47 HPs)
             Began as a Mummy Delver on Oct 6, 2023.
             Slain by a black bear (2 damage)
             ... on level 5 of the Dungeon.
             The game lasted 00:03:41 (3940 turns).

Kurtz the Chopper (Mummy Delver)                    Turns: 3940, Time: 00:03:41

Health: -1/47      AC: 15    Str: 17    XL:     6   Next: 7%
Magic:  6/6        EV:  0    Int: 10    God:
Gold:   221        SH:  7    Dex: 13    Spells: 5/5 levels left

rFire   x . .        a - +0 hand axe
rCold   + . .        u - +0 kite shield
rNeg    + + +        i - +0 crystal plate armour
rPois   ∞            (no helmet)
rElec   .            (no cloak)
rCorr   .            (no gloves)
SInv    .            s - +0 pair of boots
Will    .....        (no amulet) Stlth
                     (no ring)
HPRegen 0.27/turn    (no ring)
MPRegen 0.10/turn

%: faith
@: no status effects
A: cold resistance 1, negative energy resistance 3, torment resistance 2, heat
vulnerability 1, in touch with death 1, no potions, faith
a: no special abilities


You were on level 5 of the Dungeon.
You visited 1 branch of the dungeon, and saw 5 of its levels.

You collected 221 gold pieces.

Inventory:

Hand Weapons
 a - a +0 hand axe (weapon)
Missiles
 b - 2 boomerangs
 g - a throwing net
 j - 11 poisoned darts
 m - 5 curare-tipped darts
Armour
 i - a +0 crystal plate armour (worn)
 s - a +0 pair of boots (worn)
 u - a +0 kite shield (worn)
Jewellery
 r - an amulet of magic regeneration
Wands
 f - a wand of digging (6)
Scrolls
 c - a scroll of fog
 d - 3 scrolls of revelation
 e - a scroll of fear
 h - a scroll of immolation {unknown}
 k - 9 scrolls of identify {unknown}
 l - 3 scrolls of amnesia {unknown}
 n - a scroll of brand weapon {unknown}
 o - 2 scrolls of enchant armour {unknown}
 p - a scroll of poison {unknown}
 q - 2 scrolls of vulnerability {unknown}
 t - 2 scrolls of teleportation {unknown}
 v - a scroll of silence {unknown}
 w - a scroll of enchant weapon {unknown}


   Skills:
 - Level 3.5 Fighting
 - Level 4.6 Axes
 * Level 0.8 Armour
 - Level 1.9 Dodging
 - Level 4.1 Stealth
 - Level 0.7 Shields


You had 5 spell levels left.
You didn't know any spells.
Your spell library contained the following spells:

 Spells                   Type           Power      Damage    Failure   Level
 Volatile Blastmotes      Fire/Tloc      0%         2d10      100%        3
 Fulminant Prism          Conj/Hex       0%         3d5       100%        4
 Iskenderun's Mystic Bla  Conj/Tloc      0%         2d3       100%        4


Dungeon Overview and Level Annotations

Branches:
Dungeon (5/15)
 Temple: D:4-7

Altars:
Xom

Annotations:
D:2 1 runed translucent door, Crazy Yiuf
D:4 exclusion: 2 downstairs


Innate Abilities, Weirdness & Mutations

You are immune to poison.
Your flesh is cold resistant. (rC+)
You are immune to negative energy. (rN+++)
You are immune to unholy pain and torment.
You are vulnerable to heat. (rF-)
You are in touch with the powers of death.
You do not drink.
You have a special connection with the divine. (Faith)


Message History

The black bear claws you but does no damage. x2
You slash the black bear!
The black bear is severely wounded.
You hit the ogre. You block the ogre's attack.
You block the black bear's attack. The black bear claws you.
The black bear claws you but does no damage.
You completely miss the black bear.
The black bear is severely wounded.
You hit the ogre but do no damage.
The black bear bites you but does no damage.
The black bear claws you but does no damage. x2
The ogre hits you with a +0 giant club!
The black bear goes berserk!
You barely miss the black bear.
The black bear is severely wounded.
You hit the ogre.
The black bear bites you but does no damage.
You block the black bear's attack.
The black bear claws you but does no damage.
The ogre hits you with a +0 giant club!!
* * * LOW HITPOINT WARNING * * *
The black bear bites you but does no damage.
The black bear claws you but does no damage.
The black bear claws you.
* * * LOW HITPOINT WARNING * * *
Unknown command.
You hit the black bear but do no damage.
The black bear is severely wounded.
You barely miss the ogre.
The black bear bites you but does no damage.
The black bear claws you but does no damage. x2
The ogre hits you but does no damage.
You hit the black bear.
The black bear is almost dead.
You hit the ogre but do no damage. The black bear bites you.
* * * LOW HITPOINT WARNING * * *
The black bear claws you but does no damage. x2
The black bear bites you.
* * * LOW HITPOINT WARNING * * *
The black bear claws you.
You die...

.... ###...##.##
#..# ##.#.#.#.# ..o#
#.##.....#
##.###.#.# ##.#..#.#
##.#.#.# ###.#.#
######### #.#.##
#....h@.# #.....
#.#####O# #.###.
####.##########.# #.
#...............###.
#.##.##########.....
#.##.##.# ##.###
#....O<.# #.#
.......### #.#
..#.... #.#


You could see a black bear (berserk) and an ogre.

Vanquished Creatures
  A hound (D:5)
  An orc priest (D:4)
  An iguana (D:4)
  A sleepcap (D:4)
  2 gnolls (D:1)
  9 adders
  A worm (D:2)
  A dart slug (D:1)
  5 orcs
  2 ball pythons
  4 endoplasms
  6 goblins
  9 hobgoblins
  3 jackals (D:2)
  5 kobolds
  3 quokkas
  7 bats
  3 frilled lizards
  4 rats
68 creatures vanquished.

Notes
Turn   | Place    | Note
-------+----------+-------------------------------------------
     0 | D:5      | Kurtz the Mummy Delver began the quest for the Orb.
     0 | D:5      | Reached XP level 1. HP: 18/18 MP: 1/1
    45 | D:5      | Noticed a black bear
    49 | D:5      | Noticed an orc wizard
   117 | D:4      | Reached XP level 2. HP: 21/24 MP: 2/2
   484 | D:2      | Found a shimmering altar of Xom.
   497 | D:2      | Reached XP level 3. HP: 29/29 MP: 3/3
  1068 | D:1      | Reached XP level 4. HP: 35/35 MP: 4/4
  1261 | D:2      | Found a runed translucent door.
  1262 | D:2      | Noticed Crazy Yiuf
  2148 | D:3      | Found a faded altar of an unknown god.
  2389 | D:4      | Reached XP level 5. HP: 41/41 MP: 5/5
  3641 | D:5      | Noticed an ogre
  3752 | D:5      | Reached XP level 6. HP: 43/47 MP: 6/6
  3940 | D:5      | HP: 1/47 [black bear (5)]
  3940 | D:5      | Slain by a black bear

Illustrated notes

Levels and vault maps discovered:
D:1:      orjb1_lava_funnel, layout_basic, corexii_item_surrounded_by_moat
D:2:      layout_basic, basic_altar, uniq_crazy_yiuf_cottage
D:3:      layout_loops_ring, hellmonk_ecumenical_altar_arch_garden
D:4:      layout_cave_pods, minmay_misc_feat_secret_circle,
          minmay_misc_feat_tower, nicolae_half_adder
D:5:      layout_loops_ring, chequers_garden

Skill      XL: |  1  2  3  4 |
---------------+-------------+-----
Axes           | 2 3 4 |  4.6
Fighting       | |  3.5
Armour         | |  0.8
Dodging        | |  1.9
Stealth        | |  4.1
Shields        | |  0.7

Action                     |  1- 3 |  4- 6 || total
---------------------------+-------+-------++-------
  Melee: Hand axe          |   111 |   225 ||   336
         Punch             |     3 |     2 ||     5
 Armour: Leather armour    |     1 |       ||     1
         Crystal plate arm |   123 |   314 ||   437
  Dodge: Dodged            |     7 |     6 ||    13
  Block: Kite shield       |       |    13 ||    13

Table legend: (Time is in decaauts)
 A = Elapsed time spent in this place.
 B = Non-inter-level travel time spent in this place.
 C = Inter-level travel time spent in this place.
 D = Time resting spent in this place.
 E = Time spent auto-exploring this place.
 F = Levels seen in this place.
 G = Mean time per level.
                   A        B        C        D        E       F      G
               +--------+--------+--------+--------+--------+-----+--------+
         Total |   3990 |   3676 |    314 |    322 |   2588 |   5 |  798.0 |
       Dungeon |   3990 |   3676 |    314 |    322 |   2588 |   5 |  798.0 |
               +--------+--------+--------+--------+--------+-----+--------+

Top non-repeatable levels by time:
     D:4: 1174 daAuts
     D:3: 959 daAuts
     D:2: 814 daAuts
     D:1: 690 daAuts
     D:5: 352 daAuts
